 Dungeon Crawl Stone Soup version bcrawl-1.36 (webtiles) character file.

Game seed: 13435363728502319357

361773 Artagas the Cleaver (level 10, -2/93 HPs)
             Began as a Minotaur Berserker on Apr 4, 2022.
             Was an Elder of Trog.
             Slain by a death yak (11 damage)
             ... on level 7 of the Dungeon.
             The game lasted 00:09:04 (6480 turns).

Artagas the Cleaver (Minotaur Berserker)            Turns: 6480, Time: 00:09:05

Health: -2/93      AC:  8    Str: 26    XL:     10   Next: 17%
Magic:  18/18      EV: 11    Int:  4    God:    Trog [****..]
Gold:   524        SH:  0    Dex: 14    Spells: 9/9 levels left

rFire    . . .     SeeInvis .   d - +0 broad axe
rCold    . . .     Gourm    .   (no shield)
rNeg     . . .     Faith    .   g - +1 scale mail
rPois    .         Spirit   .   (helmet restricted)
rElec    .         Reflect  .   (no cloak)
rCorr    .                      (no gloves)
MR       .....                  (no boots)
Stlth    ..........             y - amulet of magic regeneration
HPRegen  1.55/turn              m - ring of magical power
MPRegen  0.41/turn              x - +5 ring of dexterity

@: regenerating, slowed, very slow
A: retaliatory headbutt, horns 2
a: Berserk, Trog's Hand, Brothers in Arms, Renounce Religion


You were on level 7 of the Dungeon.
You worshipped Trog.
Trog was greatly pleased with you.
You were hungry.

You visited 1 branch of the dungeon, and saw 7 of its levels.

You collected 524 gold pieces.

Inventory:

Hand Weapons
 a - a +1 hand axe
 d - a +0 broad axe (weapon)
   (You found it on level 6 of the Dungeon)
Missiles
 u - 86 poisoned tomahawks (quivered)
Armour
 b - a +0 animal skin
 g - a +1 scale mail (worn)
   (You found it on level 1 of the Dungeon)
 A - a +1 cloak
   (You found it on level 7 of the Dungeon)
Jewellery
 m - a ring of magical power (left hand)
   (You found it on level 3 of the Dungeon)
 x - a +5 ring of dexterity (right hand)
   (You found it on level 5 of the Dungeon)
 y - an amulet of magic regeneration (around neck)
   (You found it on level 6 of the Dungeon)
Scrolls
 f - a scroll of immolation {unknown}
 k - a scroll of enchant weapon
 l - a scroll of fog
 o - a scroll of blinking {unknown}
 p - 3 scrolls of enchant armour
 r - a scroll of identify
 t - 2 scrolls of teleportation
 w - 2 scrolls of remove curse
Potions
 c - a potion of berserk rage
 h - a potion of haste
 i - 6 potions of lignification
 j - 2 potions of mutation
 n - 2 potions of brilliance
 q - 2 potions of curing
 s - a potion of agility
 v - a potion of flight {unknown}
 z - a potion of ambrosia {unknown}
 C - a potion of cancellation {unknown}
 D - a potion of heal wounds {unknown}
Comestibles
 e - 21 rations {!d}


   Skills:
 - Level 10.0 Fighting
 + Level 12.8 Axes
 - Level 4.0 Throwing
 - Level 7.0 Armour
 - Level 2.1 Dodging


You had 9 spell levels left.
You didn't know any spells.
Your spell library was empty.

Dungeon Overview and Level Annotations

Branches:
Dungeon (7/12)             Temple (0/1) D:6
   Lair: D:7-9

Altars:
Kikubaaqudgha
Nemelex Xobeh
Ru
Uskayaw
Vehumet
Zin
The Shining One

Annotations:
D:3 2 transporters, kosoiffoigrumme1174's ghost, amateur DgTm


Innate Abilities, Weirdness & Mutations

You reflexively headbutt those who attack you in melee.
You have a pair of horns on your head.


Message History

The hell rat barely misses you.
You slash the hell rat! Your headbutt misses the hell rat.
The hell rat is almost dead.
A crimson imp comes into view.
It is wielding the +6 falchion of Conformity {freeze, rC+}.
The crimson imp shouts!
You slash the hell rat!
You kill the hell rat!
Trog accepts your kill.
Your scale mail prevents you from hitting the killer bee.
Your headbutt misses the killer bee. The killer bee closely misses you.
You furiously retaliate!
You headbutt the killer bee! The killer bee barely misses you.
You hit the killer bee.
You kill the killer bee!
Trog accepts your kill.
The crimson imp hits you but does no damage.
You barely miss the crimson imp. Your headbutt misses the crimson imp.
The crimson imp hits you but does no damage.
Your scale mail prevents you from hitting the crimson imp.
Your headbutt misses the crimson imp.
A death yak comes into view.
The crimson imp hits you with the +6 falchion of Conformity {freeze, rC+}.
The crimson imp freezes you.
You closely miss the crimson imp.
You are too injured to fight recklessly!
You closely miss the crimson imp.
The crimson imp hits you with the +6 falchion of Conformity {freeze, rC+}.
The crimson imp blinks!
You closely miss the crimson imp.
A death yak comes into view.
The crimson imp hits you but does no damage.
You are too injured to fight recklessly!
A red film seems to cover your vision as you go berserk!
You feel yourself moving faster!
You feel mighty!
You are feeling hungry.
The death yak bellows!
You hear a bellow!
The death yak closely misses you.
You slash the death yak! You headbutt the death yak.
The death yak is lightly wounded.
You slash the crimson imp!
You kill the crimson imp!
Trog accepts your kill.
You slash the death yak! You headbutt the death yak!
The death yak is heavily wounded.
The death yak gores you.
You hit the death yak. You headbutt the death yak!!
The death yak is severely wounded.
You barely miss the death yak. You headbutt the death yak!
The death yak is almost dead.
The death yak gores you!
You hit the death yak.
The death yak is almost dead.
You slash the death yak!
You kill the death yak!
Trog accepts your kill.
Your life force feels restored.
Training target 7.0 for Armour reached!
Your Armour skill gained 2 levels and is now at level 7!
You need to enable at least one skill for training.
You have reached level 10!
Wield which item (- for none, * to show all)? (? for menu, Esc to quit)
d - a +0 broad axe (weapon)
A death yak comes into view.
You slice the death yak!! You headbutt the death yak!
The death yak is heavily wounded.
The death yak gores you!
You slice the death yak!!
The death yak is severely wounded.
You hit the death yak. You headbutt the death yak.
The death yak is almost dead.
The death yak closely misses you.
You slash the death yak! You headbutt the death yak.
You kill the death yak!
Trog accepts your kill. The death yak gores you.
You see here a death yak corpse.
You hit the death yak.
The death yak is lightly wounded.
The death yak gores you!
* * * LOW HITPOINT WARNING * * *
You slash the death yak! You headbutt the death yak!
The death yak is moderately wounded.
You barely miss the death yak. You headbutt the death yak!
The death yak is heavily wounded.
The death yak gores you but does no damage.
You barely miss the death yak.
The death yak is heavily wounded.
You barely miss the death yak. You headbutt the death yak!
The death yak is heavily wounded.
The death yak gores you!!
* * * LOW HITPOINT WARNING * * *
You are too berserk!
Okay, then.
You are no longer berserk.
You are exhausted.
You feel yourself slow down.
Okay, then.
Your skin crawls, and Trog's vigour flows through you.
You feel somewhat more hungry. The death yak gores you!
You die...

#.... #... ... ... #.#
#.# #######†#########
........))@Y%...#########
#######+#####............
...................#
......#............#
......+............#
###.. #............# ....
#............# ..#.
#............# ....
#†...........##


You could see a death yak.

Vanquished Creatures
  2 death yaks (D:7)
  The ghost of Wired the Charmwright, a novice GnSk of Ashenzari (D:6)
  Prince Ribbit (D:5)
  A hippogriff (D:6)
  A vampire (D:6)
  A porcupine (D:7)
  An ice beast (D:6)
  2 centaurs
  2 ogres
  3 big kobolds
  A bullfrog (D:7)
  4 scorpions
  4 killer bees (D:7)
  3 howler monkeys (D:7)
  An orc priest (D:3)
  A crimson imp (D:7)
  2 centaur zombies
  3 hounds
  2 jellies (D:6)
  7 orc wizards
  A bullfrog skeleton (D:6)
  4 iguanas
  3 worker ants
  3 hell rats (D:7)
  A hound zombie (D:6)
  A hound skeleton (D:4)
  Robin (D:3)
  A howler monkey skeleton (D:6)
  A howler monkey zombie (D:6)
  4 gnolls (D:2)
  2 river rats (D:7)
  6 adders
  A shadow imp (D:6)
  2 oozes
  2 adder skeletons
  5 worms
  6 dart slugs
  5 leopard geckos
  16 orcs
  2 bat zombies (D:4)
  2 giant cockroaches
  15 goblins
  11 hobgoblins
  13 jackals
  8 quokkas
  5 bats
  5 frilled lizards
  19 kobolds
  4 rats
  2 rat zombies (D:4)
194 creatures vanquished.

Notes
Turn   | Place    | Note
-------+----------+-------------------------------------------
     0 | D:1      | Artagas the Minotaur Berserker began the quest for the Orb.
     0 | D:1      | Reached XP level 1. HP: 19/19 MP: 0/0
   176 | D:1      | Reached XP level 2. HP: 17/27 MP: 1/1
   243 | D:1      | Reached skill level 4 in Fighting
   388 | D:1      | Reached skill level 4 in Axes
   551 | D:1      | Reached skill level 3 in Armour
   625 | D:1      | Reached XP level 3. HP: 33/33 MP: 2/2
  1387 | D:2      | Reached XP level 4. HP: 41/41 MP: 3/3
  1394 | D:2      | Reached skill level 5 in Fighting
  1394 | D:2      | Reached skill level 5 in Axes
  1447 | D:2      | Found a radiant altar of Vehumet.
  1465 | D:2      | Reached ** piety under Trog
  1663 | D:2      | Reached XP level 5. HP: 38/48 MP: 4/4
  2425 | D:3      | Found a transporter.
  2425 | D:3      | Noticed kosoiffoigrumme1174's ghost (amateur DgTm)
  2472 | D:3      | Found a transporter.
  2676 | D:3      | Noticed Robin
  2691 | D:3      | Killed Robin
  2721 | D:3      | Noticed an ogre
  2727 | D:3      | Killed an ogre
  2727 | D:3      | Reached *** piety under Trog
  2728 | D:3      | Reached skill level 6 in Fighting
  2728 | D:3      | Reached skill level 6 in Axes
  2728 | D:3      | Reached XP level 6. HP: 57/57 MP: 5/5
  2947 | D:3      | Reached skill level 7 in Fighting
  2947 | D:3      | Reached skill level 7 in Axes
  3337 | D:4      | Found an ancient bone altar of Kikubaaqudgha.
  3368 | D:4      | Reached XP level 7. HP: 57/66 MP: 6/6
  4144 | D:5      | Entered Level 5 of the Dungeon
  4191 | D:5      | Reached skill level 8 in Fighting
  4191 | D:5      | Reached skill level 8 in Axes
  4310 | D:5      | Reached skill level 1 in Throwing
  4389 | D:5      | Noticed Prince Ribbit
  4399 | D:5      | Killed Prince Ribbit
  4400 | D:5      | Reached skill level 3 in Throwing
  4400 | D:5      | Reached XP level 8. HP: 59/74 MP: 7/7
  4462 | D:5      | Reached skill level 4 in Throwing
  4724 | D:5      | Found a sparkling altar of Nemelex Xobeh.
  4869 | D:5      | Reached skill level 4 in Armour
  5030 | D:6      | Found a transporter.
  5031 | D:6      | Noticed Wired's ghost (novice GnSk)
  5074 | D:6      | Reached **** piety under Trog
  5087 | D:6      | Reached skill level 5 in Armour
  5288 | D:6      | HP: 16/112 [something (10)]
  5440 | D:6      | Reached skill level 9 in Fighting
  5515 | D:6      | Reached skill level 9 in Axes
  5604 | D:6      | Noticed a hippogriff
  5608 | D:6      | Killed a hippogriff
  5679 | D:6      | Reached XP level 9. HP: 84/84 MP: 8/8
  5755 | D:6      | Found a staircase to the Ecumenical Temple.
  5791 | D:6      | Found a sacrificial altar of Ru.
  5791 | D:6      | Found a glowing golden altar of the Shining One.
  5791 | D:6      | Found a hide-covered altar of Uskayaw.
  5879 | D:6      | Found a transporter.
  5903 | D:6      | Found a glowing silver altar of Zin.
  6009 | D:6      | Killed Wired's ghost
  6010 | D:6      | Reached skill level 10 in Fighting
  6010 | D:6      | Reached skill level 10 in Axes
  6055 | D:7      | Found an ancient bone altar of Kikubaaqudgha.
  6171 | D:7      | Reached skill level 11 in Axes
  6410 | D:7      | Reached skill level 12 in Axes
  6451 | D:7      | Identified the +6 falchion of Conformity {freeze, rC+}
  6457 | D:7      | Noticed a death yak
  6460 | D:7      | Noticed a death yak
  6467 | D:7      | Killed a death yak
  6468 | D:7      | Reached skill level 7 in Armour
  6468 | D:7      | Reached XP level 10. HP: 62/93 MP: 9/9
  6468 | D:7      | Noticed a death yak
  6472 | D:7      | Killed a death yak
  6478 | D:7      | HP: 10/139 [death yak (21)]
  6480 | D:7      | Slain by a death yak

Skill      XL: |  1  2  3  4  5  6  7  8  9 |
---------------+----------------------------+-----
Fighting       | 4 5 6 7 8 9 10 | 10.0
Axes           | 4 5 6 7 8 9 12 | 12.8
Armour         | 3 5 7 |  7.0
Throwing       | 3 4 |  4.0
Dodging        | |  2.1

Action                   |  1- 3 |  4- 6 |  7- 9 | 10-12 || total
-------------------------+-------+-------+-------+-------++-------
Melee: Hand axe          |    90 |   133 |   251 |       ||   474
       Headbutt          |    14 |    17 |    56 |     6 ||    93
       Broad axe         |       |       |       |     9 ||     9
Throw: Tomahawk          |       |     5 |     6 |       ||    11
Invok: Berserk           |     4 |     1 |    10 |       ||    15
       Trog's Hand       |       |       |     1 |     1 ||     2
  Use: Scroll            |     2 |     4 |     6 |       ||    12
       Potion            |       |       |     3 |       ||     3
  Eat: Chunk             |     7 |    11 |    20 |       ||    38
       Ration            |       |       |     1 |       ||     1
Armor: Animal skin       |     5 |       |       |       ||     5
       Scale mail        |    26 |    56 |    75 |     1 ||   158
Dodge: Dodged            |    45 |    56 |   124 |     1 ||   226

Levels and vault maps discovered:
D:1:      wander_arrival_desolate, layout_loops_ring, minmay_hexomino_c4
D:2:      minmay_wonky_spiral, layout_loops_corners,
          nicolae_overflow_crystal_walls
D:3:      layout_basic, gammafunk_ghost_mausoleum, first_ration, uniq_robin
D:4:      layout_loops_cross, lemuel_zombie_altar_kikubaaqudgha,
          minmay_misc_feat_rows
D:5:      layout_loops_cross, nemelex_xobeh_ov_fountains_minmay,
          uniq_prince_ribbit1
D:6:      layout_rooms, zin_scriptorium, gammafunk_temple_overflow_claw,
          minmay_temple_entry_glassed_door, gammafunk_ghost_arena,
          chequers_serial_rivers_room_a, st_stairs_12, minmay_checkerbox
D:7:      layout_basic, dpeg_lair_monsters, basic_altar, kennysheep_crisscross,
          grunt_livestock, uniq_pikel

Table legend:
 A = Turns spent in this place as a percentage of turns spent in the entire game.
 B = Non-inter-level travel turns spent in this place as a percentage of non-inter-level travel turns spent in the entire game.
 C = Inter-level travel turns spent in this place as a percentage of turns spent in this place.
 D = Turns resting spent in this place as a percentage of non-inter-level travel turns spent in this place.
 E = Turns spent auto-exploring this place as a percentage of non-inter-level travel turns spent in this place.
 F = Non-inter-level travel turns spent in this place divided by the number of levels of this place that you've seen.
                   A       B       C       D       E      F
               +-------+-------+-------+-------+-------+----------------------
         Total | 100.0 | 100.0 |   1.8 |   0.0 |  82.7 | 909.3
       Dungeon | 100.0 | 100.0 |   1.8 |   0.0 |  82.7 | 909.3
               +-------+-------+-------+-------+-------+----------------------

Table legend:
 A = Kills in this place as a percentage of kills in entire the game.
 B = Kills by you in this place as a percentage of kills by you in the entire game.
 C = Kills by friends in this place as a percentage of kills by friends in the entire game.
 D = Other kills in this place as a percentage of other kills in the entire game.
 E = Experience gained in this place as a percentage of experience gained in the entire game.
 F = Experience gained in this place divided by the number of levels of this place that you have seen.
                   A       B       C       D       E      F
               +-------+-------+-------+-------+-------+----------------------
         Total | 100.0 | 100.0 |   N/A |   N/A | 100.0 | 929.1
       Dungeon | 100.0 | 100.0 |   N/A |   N/A | 100.0 | 929.1
               +-------+-------+-------+-------+-------+----------------------
